General information
- name: BNet
- type: Ladder team game (AT/RT)
- host: Battle.net
- saver: BEAR_AND
map: SunrockCove
- players: 6
- length: 04:42
- speed: Fast
- version: 1.21 W3XP
- replay type:

» download(26 KB)
Players
team 1 (winner)
BEAR_AND (
purple | 59 APM | 279 actions | 04:42)
2 Blademaster
1 Wind Walk
1 Critical Strike
» actions
| Assign group hotkey | 1 | |
| Build / train | 20 | |
| Enter build submenu | 7 | |
| Enter hero's abilities submenu | 2 | |
| Right click | 167 | |
| Select / deselect | 47 | |
| Select group hotkey | 24 | |
| Use ability | 11 | |
279 total
» units
» buildings
| Altar of Storms | 1 | |
| Orc Burrow | 1 | |
| War Mill | 1 | |
| Voodoo Lounge | 1 | |
| Watch Tower | 3 | |
| Stronghold | 1 | |
8 total
» build order
00:09 Altar of Storms
00:19 Orc Burrow
00:28 War Mill
01:59 Voodoo Lounge
02:17 Watch Tower
02:53 Watch Tower
03:05 Watch Tower
03:32 Stronghold
» items
| Healing Salve | 1 | |
| Lesser Clarity Potion | 2 | |
3 total
iggy_the_fisk (
orange | 109 APM | 514 actions | 04:42)
2 Archmage
1 Summon Water Elemental
1 Brilliance Aura
» actions
| Assign group hotkey | 182 | |
| Basic commands | 4 | |
| Build / train | 26 | |
| Enter build submenu | 13 | |
| Enter hero's abilities submenu | 2 | |
| Right click | 163 | |
| Select / deselect | 64 | |
| Select group hotkey | 38 | |
| Use ability | 22 | |
514 total
» units
» upgrades
» buildings
| Altar of Kings | 1 | |
| Farm | 2 | |
| Lumber Mill | 1 | |
| Scout Tower | 7 | |
| Arcane Tower | 4 | |
| Guard Tower | 4 | |
| Arcane Vault | 1 | |
20 total
» build order
00:18 Altar of Kings
00:27 Farm
00:48 Lumber Mill
01:08 Farm
01:21 Scout Tower
01:34 Scout Tower
01:48 Arcane Tower
01:48 Arcane Tower
01:49 Arcane Tower
01:49 Arcane Tower
02:03 Scout Tower
02:37 Guard Tower
02:39 Scout Tower
02:53 Scout Tower
03:15 Guard Tower
03:23 Guard Tower
03:24 Scout Tower
03:29 Scout Tower
03:57 Guard Tower
04:01 Arcane Vault
TIMG4STRok (
teal | 55 APM | 259 actions | 04:42)
1 Archmage
1 Blizzard
» actions
| Assign group hotkey | 2 | |
| Basic commands | 9 | |
| Build / train | 24 | |
| Enter build submenu | 12 | |
| Enter hero's abilities submenu | 1 | |
| Right click | 128 | |
| Select / deselect | 50 | |
| Select group hotkey | 21 | |
| Use ability | 12 | |
259 total
» units
» upgrades
» buildings
| Altar of Kings | 1 | |
| Lumber Mill | 1 | |
| Farm | 2 | |
| Scout Tower | 6 | |
| Arcane Tower | 1 | |
| Guard Tower | 4 | |
| Keep | 1 | |
| Town Hall | 1 | |
17 total
» build order
00:09 Altar of Kings
00:15 Lumber Mill
00:36 Farm
01:17 Farm
01:21 Scout Tower
01:49 Arcane Tower
01:53 Scout Tower
02:07 Scout Tower
02:20 Guard Tower
02:47 Guard Tower
02:57 Scout Tower
02:58 Scout Tower
03:28 Guard Tower
03:48 Keep
03:54 Guard Tower
04:37 Town Hall
04:41 Scout Tower
team 2 (loser)
EosTears (
red | 45 APM | 186 actions | 04:09)
1 Demon Hunter
1 Mana Burn
» actions
| Basic commands | 11 | |
| Build / train | 11 | |
| Enter build submenu | 6 | |
| Enter hero's abilities submenu | 1 | |
| Right click | 107 | |
| Select / deselect | 41 | |
| Use ability | 9 | |
186 total
» units
» buildings
| Altar of Elders | 1 | |
| Moon Well | 2 | |
| Hunter's Hall | 1 | |
| Ancient of War | 1 | |
5 total
» build order
00:09 Altar of Elders
00:20 Moon Well
01:30 Hunter's Hall
01:45 Ancient of War
02:00 Moon Well

»
henrymoron5 (
green | 83 APM | 370 actions | 04:27)
1 Blademaster
1 Wind Walk
» actions
| Assign group hotkey | 61 | |
| Basic commands | 9 | |
| Build / train | 15 | |
| Enter build submenu | 10 | |
| Enter hero's abilities submenu | 1 | |
| Right click | 121 | |
| Select / deselect | 85 | |
| Select group hotkey | 56 | |
| Use ability | 12 | |
370 total
» units
» buildings
| Altar of Storms | 2 | |
| Orc Burrow | 3 | |
| Stronghold | 1 | |
| Voodoo Lounge | 1 | |
| Beastiary | 2 | |
9 total
» build order
00:06 Altar of Storms
00:11 Altar of Storms
00:19 Orc Burrow
01:51 Stronghold
02:00 Voodoo Lounge
02:44 Orc Burrow
03:39 Orc Burrow
04:15 Beastiary
04:20 Beastiary
» items
| Healing Salve | 2 | |
| Lesser Clarity Potion | 1 | |
| Boots of Speed | 1 | |
| Circlet of Nobility | 1 | |
5 total

»
mat237 (
pink | 20 APM | 92 actions | 04:41)
» actions
| Basic commands | 1 | |
| Build / train | 2 | |
| Enter build submenu | 4 | |
| Remove unit from queue | 1 | |
| Right click | 49 | |
| Select / deselect | 32 | |
| Use ability | 3 | |
92 total
» units
» buildings
| Altar of Storms | 1 | |
| Orc Burrow | 1 | |
| Barracks | 1 | |
3 total
» build order
00:08 Altar of Storms
02:00 Orc Burrow
02:16 Barracks
Chat log
(00:13 / All) TIMG4STRok: sucks on a duck*
(00:21 / All) TIMG4STRok: ((wishes you good luck))
(00:32 / All) TIMG4STRok: ((nods head sagelike and approvingly))
(00:47 / All) TIMG4STRok: HEj
(00:50 / All) TIMG4STRok: det ar
(00:54 / All) iggy_the_fisk: det är
(02:42 / All) TIMG4STRok: ROFL tech good bye good game good luck in finding a new
(02:54 / All) mat237: i was talking to my gf
(02:55 / All) mat237: gg
(03:22 / All) TIMG4STRok: ROFL GREEN
(03:29 / All) mat237: i was talking to my gf w/e
(03:39 / All) iggy_the_fisk: you were doing what now
(04:12 / All) TIMG4STRok: ROFL
(04:13 / All) TIMG4STRok: pow
(04:23 / All) iggy_the_fisk: Rolf Stigby
(04:35 / All) BEAR_AND: well this was ownage
(04:39 / All) BEAR_AND: nic egame